Sasquatch vs Little Stars
(R1)
Created - January 14, 2020 at 19:28
Goals
|
| Sasquatch |
1 |
1 |
0 |
2 |
| Little Stars |
1 |
0 |
0 |
1 |
|
Shots
|
| Sasquatch |
8 |
18 |
3 |
29 |
| Little Stars |
12 |
6 |
17 |
35 |
|
1st period
1. Sasquatch , Devin Shore 15 (Patrick Wey 22) at 0:06
2. Little Stars , Adam Tambellini 2 (Dana Tyrell 21, Reece Willcox 7) at 1:21 (PP)
Penalties :
Dmitri Orlov (Gat) for Tripping (Minor) at 0:42, Zach Budish (Tex) for Hooking (Minor) at 8:40, Ryan Dzingel (Gat) for Hooking (Minor) at 15:40
2nd period
3. Sasquatch , Devin Shore 16 (Matt Halischuk 31, Ian Cole 18) at 7:02
Penalties :
Scott Kosmachuck (Tex) for High sticking (Minor) at 11:26, Dana Tyrell (Tex) for Tripping (Minor) at 11:46, Jesse Joensuu (Tex) for Cross-checking (Minor) at 16:55, Matt Halischuk (Gat) for Hooking (Minor) at 18:20
3rd period
No Goal
Penalties :
Patrick Wey (Gat) for Hooking (Minor) at 4:15, Evgeny Kuznetsov (Tex) for Tripping (Minor) at 9:04, Dana Tyrell (Tex) for Roughing (Double Minor) at 16:41
Goalie Stats
Corey Crawford (Gat), 34 saves from 35 shots - (0.971), W, 3-1-0, 60:00 minutes
Peter Delmas (Tex), 27 saves from 29 shots - (0.931), L, 2-6-0, 60:00 minutes
Players Stats for Sasquatch
Player Name G A P +/- PIM S H SB GA TA FO MP PP MP PK MP
------------------------------------------------------------------------------------
Brett Kulak 0 0 0 1 0 1 0 1 0 0 0/0 15:12 0:21 2:15
Brett Pesce 0 0 0 0 0 0 0 2 0 1 0/0 18:11 3:39 1:00
Brock Trotter 0 0 0 0 0 1 0 0 0 0 0/0 8:16 0:04 0:18
Devin Shore 2 0 2 2 0 7 4 1 1 0 13/28 18:45 5:27 0:00
Dmitri Orlov 0 0 0 1 2 2 2 1 0 1 0/0 16:29 3:53 0:29
Dylan Sikura 0 0 0 0 0 0 1 0 0 0 1/1 10:30 0:00 0:00
Ian Cole 0 1 1 1 0 1 0 2 3 1 0/0 24:21 7:00 2:12
Jerry D'Amigo 0 0 0 0 0 0 0 0 0 1 0/0 8:31 0:40 0:00
Jujhar Khaira 0 0 0 2 0 3 3 1 0 1 1/2 21:01 4:53 3:33
Martin Marincin 0 0 0 0 0 1 2 1 0 1 0/0 20:06 0:07 3:44
Matt Halischuk 0 1 1 2 2 4 2 0 0 0 1/1 18:34 5:26 0:00
Patrick Wey 0 1 1 1 2 1 2 1 0 0 0/0 25:41 7:00 2:24
Petr Straka 0 0 0 0 0 1 2 0 1 0 0/0 16:49 4:53 0:47
Quinton Howden 0 0 0 0 0 1 1 0 0 0 4/7 13:35 0:36 1:55
Ryan Dzingel 0 0 0 0 2 1 1 0 0 1 1/1 16:38 5:27 0:00
Sergey Kalinin 0 0 0 0 0 5 2 1 1 0 7/19 15:47 0:40 3:38
T.J. Tynan 0 0 0 0 0 0 0 0 0 0 5/6 12:31 4:53 0:00
Teemu Hartikainen 0 0 0 0 0 0 0 0 0 0 0/0 12:23 0:00 1:53
Players Stats for Little Stars
Player Name G A P +/- PIM S H SB GA TA FO MP PP MP PK MP
------------------------------------------------------------------------------------
Adam Tambellini 1 0 1 0 0 3 1 0 2 0 0/2 17:06 2:40 2:00
Anton Cederholm 0 0 0 0 0 1 1 1 0 0 0/0 21:07 2:28 4:04
Dana Tyrell 0 1 1 0 6 2 5 0 1 0 4/9 18:21 2:25 3:17
Daniel O'regan 0 0 0 0 0 4 0 1 0 0 5/10 12:39 0:33 2:04
Daniil Tarasov 0 0 0 0 0 1 0 0 0 0 0/1 7:50 0:00 0:00
Emile Poirier 0 0 0 0 0 1 0 0 0 0 0/1 8:00 0:00 0:10
Evgeny Kuznetsov 0 0 0 -2 2 5 2 0 1 1 18/31 22:19 3:07 4:49
Jason Dickinson 0 0 0 0 0 1 0 0 1 0 2/3 8:32 0:00 0:42
Jesse Joensuu 0 0 0 -2 2 6 1 1 1 0 1/3 16:31 3:22 0:48
Michael Mersch 0 0 0 0 0 1 1 0 1 0 0/0 12:59 0:15 2:54
Patrick Wiercioch 0 0 0 -2 0 3 1 2 0 1 0/0 28:30 3:34 6:15
Reece Willcox 0 1 1 0 0 0 1 2 0 1 0/0 21:07 2:28 4:04
Scott Kosmachuck 0 0 0 -2 2 2 3 0 0 0 0/1 15:30 3:04 0:05
Sebastian Wannstrom 0 0 0 0 0 1 0 1 0 0 2/3 12:56 0:15 3:31
Tucker Poolman 0 0 0 0 0 0 0 0 0 0 0/0 10:23 0:00 0:41
Tyson Barrie 0 0 0 -2 0 3 2 2 0 2 0/0 28:30 3:34 6:15
Ville Pokka 0 0 0 0 0 0 0 0 0 0 0/0 10:23 0:00 0:41
Zach Budish 0 0 0 0 2 1 0 0 0 1 0/1 13:58 2:25 0:00
3 Stars
1 - Devin Shore (Gat)
2 - Corey Crawford (Gat)
3 - Adam Tambellini (Tex)
Power Play
Sasquatch - 0 on 7 Attempt(s) - 0.00%
Little Stars - 1 on 4 Attempt(s) - 25.00%
Penalty Kill
Sasquatch - 3 on 4 Attempt(s) - 75.00%
- Score 0 goal in Penalty Kill
Little Stars - 7 on 7 Attempt(s) - 100.00%
- Score 0 goal in Penalty Kill
Team Stat
Sasquatch - Hits : 22 - Faceoff Wins : 33 - Blocked Shots : 11 - Penalty Minutes : 8
Little Stars - Hits : 18 - Faceoff Wins : 32 - Blocked Shots : 10 - Penalty Minutes : 14
Official
Referees : Unknown
Linesman : Unknown
Game Notes
No Game Note
Finance
Level 1 -- Attendance: 1645 (82.25%) -- Ticket Income $57,575
Level 2 -- Attendance: 970 (97.00%) -- Ticket Income $14,550
Total Attendance: 2615 (87.17%)
Total Ticket Income: $72,125
Other Income: $3,606
Total Income: $75,731
Sasquatch
5 vs 5 Forward
Center Left Wing Right Wing Time % Phy DF OF
1 Devin Shore Jujhar Khaira Matt Halischuk 40 1 2 2
2 Sergey Kalinin Ryan Dzingel Petr Straka 30 1 2 2
3 Quinton Howden Teemu Hartikainen Dylan Sikura 20 1 2 2
4 T.J. Tynan Brock Trotter Jerry D'Amigo 10 1 2 2
5 vs 5 Defense
Defense Defense Time % Phy DF OF
1 Ian Cole Patrick Wey 40 1 2 2
2 Brett Pesce Martin Marincin 30 1 2 2
3 Dmitri Orlov Brett Kulak 20 1 2 2
4 Martin Marincin Patrick Wey 10 1 2 2
PowerPlay Forward
Center Left Wing Right Wing Time % Phy DF OF
1 Devin Shore Ryan Dzingel Matt Halischuk 60 1 2 2
2 T.J. Tynan Jujhar Khaira Petr Straka 40 1 2 2
PowerPlay Defense
Defense Defense Time % Phy DF OF
1 Ian Cole Patrick Wey 60 1 2 2
2 Dmitri Orlov Brett Pesce 40 1 2 2
Penalty Kill 4 Players Forward
Center Wing Time % Phy DF OF
1 Sergey Kalinin Jujhar Khaira 60 1 2 2
2 Quinton Howden Teemu Hartikainen 40 1 2 2
Penalty Kill 4 Players Defense
Defense Defense Time % Phy DF OF
1 Patrick Wey Martin Marincin 60 1 2 2
2 Brett Kulak Ian Cole 40 1 2 2
Penalty Kill - 3 Players Forward
Forward Time % Phy DF OF
1 Sergey Kalinin 60 1 2 2
2 Quinton Howden 40 1 2 2
Penalty Kill - 3 Players Defense
Defense Defense Time % Phy DF OF
1 Ian Cole Martin Marincin 60 1 2 2
2 Patrick Wey Brett Kulak 40 1 2 2
4 vs 4 Forward
Center Wing Time % Phy DF OF
1 Quinton Howden Matt Halischuk 60 1 2 2
2 Sergey Kalinin Jujhar Khaira 40 1 2 2
4 vs 4 Defense
Defense Defense Time % Phy DF OF
1 Ian Cole Martin Marincin 60 1 2 2
2 Patrick Wey Brett Pesce 40 1 2 2
Last Minutes Offensive
Center Left Wing Right Wing Defense Defense
Devin Shore Jujhar Khaira Matt Halischuk Ian Cole Dmitri Orlov
Last Minutes Defensive
Center Left Wing Right Wing Defense Defense
Sergey Kalinin Teemu Hartikainen Matt Halischuk Martin Marincin Patrick Wey
Goaltenders
Starting : Corey Crawford
Backup : Joonas Korpisalo
Extra Forwards
Normal : Sergey Kalinin, Devin Shore, Petr Straka - PP : Sergey Kalinin, Quinton Howden - PK : Petr Straka
Extra Defensemen
Normal : Dmitri Orlov, Brett Pesce, Brett Kulak - PP : Brett Pesce - PK : Brett Pesce, Dmitri Orlov
Penalty Shots
Devin Shore, Matt Halischuk, Petr Straka, Brock Trotter, Ryan Dzingel
Scratches
Nikita Nesterov (Healthy), Hudson Fasching (Healthy), Christoffer Ehn (Healthy), Kevin Fiala (Healthy), Alex Lintuniemi (Healthy)
Cal Petersen (Healthy)
Little Stars
5 vs 5 Forward
Center Left Wing Right Wing Time % Phy DF OF
1 Evgeny Kuznetsov Jesse Joensuu Scott Kosmachuck 40 1 2 2
2 Dana Tyrell Adam Tambellini Zach Budish 30 1 2 2
3 Daniel O'regan Michael Mersch Sebastian Wannstrom 20 1 2 2
4 Jason Dickinson Emile Poirier Daniil Tarasov 10 1 2 2
5 vs 5 Defense
Defense Defense Time % Phy DF OF
1 Tyson Barrie Patrick Wiercioch 40 1 2 2
2 Anton Cederholm Reece Willcox 30 1 2 2
3 Tucker Poolman Ville Pokka 20 1 2 2
4 Tyson Barrie Patrick Wiercioch 10 1 2 2
PowerPlay Forward
Center Left Wing Right Wing Time % Phy DF OF
1 Evgeny Kuznetsov Jesse Joensuu Scott Kosmachuck 60 0 2 3
2 Dana Tyrell Adam Tambellini Zach Budish 40 0 2 3
PowerPlay Defense
Defense Defense Time % Phy DF OF
1 Tyson Barrie Patrick Wiercioch 60 0 2 3
2 Anton Cederholm Reece Willcox 40 0 2 3
Penalty Kill 4 Players Forward
Center Wing Time % Phy DF OF
1 Evgeny Kuznetsov Dana Tyrell 60 0 3 2
2 Jesse Joensuu Adam Tambellini 40 0 3 2
Penalty Kill 4 Players Defense
Defense Defense Time % Phy DF OF
1 Tyson Barrie Patrick Wiercioch 60 0 3 2
2 Anton Cederholm Reece Willcox 40 0 3 2
Penalty Kill - 3 Players Forward
Forward Time % Phy DF OF
1 Evgeny Kuznetsov 60 0 3 2
2 Dana Tyrell 40 0 3 2
Penalty Kill - 3 Players Defense
Defense Defense Time % Phy DF OF
1 Tyson Barrie Patrick Wiercioch 60 0 3 2
2 Anton Cederholm Reece Willcox 40 0 3 2
4 vs 4 Forward
Center Wing Time % Phy DF OF
1 Evgeny Kuznetsov Dana Tyrell 60 1 2 2
2 Jesse Joensuu Adam Tambellini 40 1 2 2
4 vs 4 Defense
Defense Defense Time % Phy DF OF
1 Tyson Barrie Patrick Wiercioch 60 1 2 2
2 Anton Cederholm Reece Willcox 40 1 2 2
Last Minutes Offensive
Center Left Wing Right Wing Defense Defense
Evgeny Kuznetsov Jesse Joensuu Scott Kosmachuck Tyson Barrie Patrick Wiercioch
Last Minutes Defensive
Center Left Wing Right Wing Defense Defense
Evgeny Kuznetsov Jesse Joensuu Scott Kosmachuck Tyson Barrie Patrick Wiercioch
Goaltenders
Starting : Peter Delmas
Backup : Matt Murray
Extra Forwards
Normal : Daniel O'regan, Michael Mersch, Sebastian Wannstrom - PP : Daniel O'regan, Michael Mersch - PK : Sebastian Wannstrom
Extra Defensemen
Normal : Tucker Poolman, Ville Pokka, Anton Cederholm - PP : Tucker Poolman - PK : Ville Pokka, Anton Cederholm
Penalty Shots
Evgeny Kuznetsov, Dana Tyrell, Jesse Joensuu, Adam Tambellini, Scott Kosmachuck
Scratches
Justin Auger (Healthy), Eric Knodel (Bruised Right Arm Injury), Tyler Wotherspoon (Left Leg Injury), Shane Gersich (Healthy), Radel Fazleev (Healthy)
Julien Nantel (Healthy), Connor Knapp (Healthy), Spencer Martin (Healthy)
% Time on Ice - Sasquatch
Lines # - Real PCT - Wanted PCT - Time Play
Normal Forward
1 - 31% - 40% - 13:11
2 - 26% - 30% - 10:52
3 - 25% - 20% - 10:30
4 - 19% - 10% - 7:51
Normal Defense
1 - 38% - 40% - 16:10
2 - 35% - 30% - 14:38
3 - 26% - 20% - 11:04
4 - 1% - 10% - 0:32
PP Forward
1 - 56% - 60% - 6:07
2 - 44% - 40% - 4:53
PP Defense
1 - 65% - 60% - 7:07
2 - 35% - 40% - 3:53
PK Forward
1 - 69% - 60% - 4:09
2 - 31% - 40% - 1:53
PK Defense
1 - 64% - 60% - 3:52
2 - 36% - 40% - 2:10
PK3 Forward
1 - 0% - 60%
2 - 0% - 40%
PK3 Defense
1 - 0% - 60%
2 - 0% - 40%
44 Forward
1 - 100% - 60% - 0:34
2 - 0% - 40% - 0:00
44 Defense
1 - 100% - 60% - 0:34
2 - 0% - 40% - 0:00
Last Minute Offensive - 0:00
Last Minute Defensive - 0:00
Total
Forward - 60:00
Defense - 60:00
|
% Time on Ice - Little Stars
Lines # - Real PCT - Wanted PCT - Time Play
Normal Forward
1 - 33% - 40% - 14:07
2 - 27% - 30% - 11:30
3 - 21% - 20% - 8:57
4 - 18% - 10% - 7:50
Normal Defense
1 - 41% - 40% - 17:28
2 - 34% - 30% - 14:35
3 - 23% - 20% - 9:42
4 - 2% - 10% - 0:39
PP Forward
1 - 56% - 60% - 3:22
2 - 44% - 40% - 2:40
PP Defense
1 - 59% - 60% - 3:34
2 - 41% - 40% - 2:28
PK Forward
1 - 87% - 60% - 8:09
2 - 13% - 40% - 1:12
PK Defense
1 - 57% - 60% - 5:19
2 - 43% - 40% - 4:02
PK3 Forward
1 - 57% - 60% - 0:56
2 - 43% - 40% - 0:43
PK3 Defense
1 - 57% - 60% - 0:56
2 - 43% - 40% - 0:43
44 Forward
1 - 88% - 60% - 0:30
2 - 12% - 40% - 0:04
44 Defense
1 - 100% - 60% - 0:34
2 - 0% - 40% - 0:00
Last Minute Offensive - 0:00
Last Minute Defensive - 0:00
Total
Forward - 60:00
Defense - 60:00
|
Play-by-Play
1st period
0:01 of 1st period - Devin Shore wins face-off versus Evgeny Kuznetsov in neutral zone.
0:04 of 1st period - Slapshot by Patrick Wey.
0:04 of 1st period - Shot Blocked by Tyson Barrie.
0:06 of 1st period - Snap shot by Devin Shore.
0:06 of 1st period - Goal by Devin Shore - Sasquatch : 1 - Little Stars : 0.
0:07 of 1st period - Sergey Kalinin wins face-off versus Adam Tambellini in neutral zone.
0:14 of 1st period - Snap shot by Sergey Kalinin.
0:14 of 1st period - Shot Blocked by Reece Willcox.
0:16 of 1st period - Wrist shot by Martin Marincin.
0:16 of 1st period - Stopped by Peter Delmas with a rebound.
0:42 of 1st period - Minor Penalty to Dmitri Orlov for Tripping.
0:43 of 1st period - Evgeny Kuznetsov wins face-off versus Sergey Kalinin in Sasquatch zone.
0:49 of 1st period - Wrist shot by Evgeny Kuznetsov.
0:49 of 1st period - Stopped by Corey Crawford without a rebound.
0:50 of 1st period - Sergey Kalinin wins face-off versus Scott Kosmachuck in Sasquatch zone.
1:01 of 1st period - Snap shot by Evgeny Kuznetsov.
1:01 of 1st period - Shot Misses the Net.
1:03 of 1st period - Slapshot by Tyson Barrie.
1:03 of 1st period - Shot Misses the Net.
1:05 of 1st period - Wrist shot by Jesse Joensuu.
1:05 of 1st period - Deflect By Evgeny Kuznetsov.
1:05 of 1st period - Shot Misses the Net.
1:05 of 1st period - Puck is out of play.
1:06 of 1st period - Dana Tyrell wins face-off versus Sergey Kalinin in Sasquatch zone.
1:15 of 1st period - Snap shot by Zach Budish.
1:15 of 1st period - Stopped by Corey Crawford with a rebound.
1:21 of 1st period - Snap shot by Adam Tambellini.
1:21 of 1st period - Goal by Adam Tambellini - Sasquatch : 1 - Little Stars : 1.
1:22 of 1st period - Evgeny Kuznetsov wins face-off versus Devin Shore in neutral zone.
2:36 of 1st period - Michael Mersch is hit by Martin Marincin.
2:52 of 1st period - Snap shot by Evgeny Kuznetsov.
2:52 of 1st period - Shot Misses the Net.
3:09 of 1st period - Icing by Patrick Wiercioch.
3:10 of 1st period - Sergey Kalinin wins face-off versus Daniil Tarasov in Little Stars zone.
3:17 of 1st period - Snap shot by Sergey Kalinin.
3:17 of 1st period - Stopped by Peter Delmas with a rebound.
3:46 of 1st period - Wrist shot by Evgeny Kuznetsov.
3:46 of 1st period - Shot Misses the Net.
4:25 of 1st period - Slapshot by Brock Trotter.
4:25 of 1st period - Shot Misses the Net.
4:27 of 1st period - Wrist shot by Patrick Wey.
4:27 of 1st period - Shot Misses the Net.
4:29 of 1st period - Slapshot by Ian Cole.
4:29 of 1st period - Stopped by Peter Delmas with a rebound.
5:17 of 1st period - Anton Cederholm is hit by Quinton Howden and loses puck.
5:42 of 1st period - Patrick Wey is hit by Dana Tyrell.
5:46 of 1st period - Snap shot by Dana Tyrell.
5:46 of 1st period - Stopped by Corey Crawford without a rebound.
5:47 of 1st period - Evgeny Kuznetsov wins face-off versus Jujhar Khaira in Sasquatch zone.
5:48 of 1st period - Snap shot by Jesse Joensuu.
5:48 of 1st period - Stopped by Corey Crawford without a rebound.
5:49 of 1st period - Devin Shore wins face-off versus Evgeny Kuznetsov in Sasquatch zone.
6:18 of 1st period - Snap shot by Zach Budish.
6:18 of 1st period - Shot Blocked by Dmitri Orlov.
6:20 of 1st period - Slapshot by Tyson Barrie.
6:20 of 1st period - Shot Blocked by Sergey Kalinin.
6:22 of 1st period - Snap shot by Patrick Wiercioch.
6:22 of 1st period - Stopped by Corey Crawford without a rebound.
6:23 of 1st period - Daniel O'regan wins face-off versus Devin Shore in Sasquatch zone.
6:48 of 1st period - Tucker Poolman is hit by Patrick Wey and loses puck.
7:41 of 1st period - Wrist shot by Adam Tambellini.
7:41 of 1st period - Shot Misses the Net.
7:43 of 1st period - Wrist shot by Dana Tyrell.
7:43 of 1st period - Shot Misses the Net.
8:38 of 1st period - Snap shot by Sergey Kalinin.
8:38 of 1st period - Stopped by Peter Delmas with a rebound.
8:40 of 1st period - Minor Penalty to Zach Budish for Hooking.
8:41 of 1st period - Devin Shore wins face-off versus Evgeny Kuznetsov in Little Stars zone.
8:46 of 1st period - Wrist shot by Devin Shore.
8:46 of 1st period - Shot Blocked by Tyson Barrie.
10:29 of 1st period - Icing by Matt Halischuk.
10:30 of 1st period - Matt Halischuk wins face-off versus Sebastian Wannstrom in Sasquatch zone.
10:40 of 1st period - Penalty to Zach Budish is over, Zach Budish is back on ice.
10:53 of 1st period - Snap shot by Emile Poirier.
10:53 of 1st period - Stopped by Corey Crawford without a rebound.
10:54 of 1st period - Jason Dickinson wins face-off versus Quinton Howden in Sasquatch zone.
10:59 of 1st period - Snap shot by Jason Dickinson.
10:59 of 1st period - Shot Blocked by Ian Cole.
11:09 of 1st period - Slapshot by Quinton Howden.
11:09 of 1st period - Shot Misses the Net.
11:16 of 1st period - Icing by Tucker Poolman.
11:17 of 1st period - T.J. Tynan wins face-off versus Jason Dickinson in Little Stars zone.
11:48 of 1st period - Slapshot by Sergey Kalinin.
11:48 of 1st period - Stopped by Peter Delmas with a rebound.
11:50 of 1st period - Snap shot by Sergey Kalinin.
11:50 of 1st period - Shot Misses the Net.
12:00 of 1st period - Snap shot by Teemu Hartikainen.
12:00 of 1st period - Shot Misses the Net.
12:58 of 1st period - Evgeny Kuznetsov is hit by Ryan Dzingel and loses puck.
13:21 of 1st period - Snap shot by Zach Budish.
13:21 of 1st period - Shot Misses the Net.
13:23 of 1st period - Slapshot by Dana Tyrell.
13:23 of 1st period - Shot Misses the Net.
13:58 of 1st period - Slapshot by Evgeny Kuznetsov.
13:58 of 1st period - Stopped by Corey Crawford without a rebound.
13:59 of 1st period - T.J. Tynan wins face-off versus Evgeny Kuznetsov in Sasquatch zone.
14:06 of 1st period - Ian Cole is hit by Tyson Barrie and loses puck.
14:11 of 1st period - Wrist shot by Evgeny Kuznetsov.
14:11 of 1st period - Stopped by Corey Crawford with a rebound.
14:23 of 1st period - Snap shot by Dana Tyrell.
14:23 of 1st period - Shot Misses the Net.
14:25 of 1st period - Slapshot by Anton Cederholm.
14:25 of 1st period - Stopped by Corey Crawford with a rebound.
14:31 of 1st period - Slapshot by Tyson Barrie.
14:31 of 1st period - Deflect By Ian Cole.
14:31 of 1st period - Stopped by Corey Crawford without a rebound.
14:32 of 1st period - Devin Shore wins face-off versus Evgeny Kuznetsov in Sasquatch zone.
14:41 of 1st period - Matt Halischuk is hit by Scott Kosmachuck and loses puck.
14:50 of 1st period - Dmitri Orlov is hit by Scott Kosmachuck and loses puck.
15:06 of 1st period - Icing by Dmitri Orlov.
15:07 of 1st period - Sergey Kalinin wins face-off versus Adam Tambellini in Sasquatch zone.
15:14 of 1st period - Wrist shot by Sergey Kalinin.
15:14 of 1st period - Stopped by Peter Delmas without a rebound.
15:15 of 1st period - Dana Tyrell wins face-off versus Devin Shore in Little Stars zone.
15:40 of 1st period - Minor Penalty to Ryan Dzingel for Hooking.
15:41 of 1st period - Jesse Joensuu wins face-off versus Sergey Kalinin in Sasquatch zone.
16:14 of 1st period - Wrist shot by Dana Tyrell.
16:14 of 1st period - Stopped by Corey Crawford without a rebound.
16:15 of 1st period - Quinton Howden wins face-off versus Dana Tyrell in Sasquatch zone.
17:40 of 1st period - Penalty to Ryan Dzingel is over, Ryan Dzingel is back on ice.
17:48 of 1st period - T.J. Tynan is hit by Michael Mersch.
18:38 of 1st period - Slapshot by Dmitri Orlov.
18:38 of 1st period - Stopped by Peter Delmas with a rebound.
19:43 of 1st period - Wrist shot by Dana Tyrell.
19:43 of 1st period - Shot Misses the Net.
Goals for this period are 1 for Sasquatch vs 1 for Little Stars.
Shots for this period are 8 for Sasquatch vs 12 for Little Stars.
2nd period
0:01 of 2nd period - Evgeny Kuznetsov wins face-off versus Devin Shore in neutral zone.
0:16 of 2nd period - Wrist shot by Jesse Joensuu.
0:16 of 2nd period - Shot Misses the Net.
0:36 of 2nd period - Snap shot by Sergey Kalinin.
0:36 of 2nd period - Stopped by Peter Delmas with a rebound.
1:06 of 2nd period - Wrist shot by Brock Trotter.
1:06 of 2nd period - Shot Misses the Net.
1:08 of 2nd period - Slapshot by Dmitri Orlov.
1:08 of 2nd period - Shot Misses the Net.
1:10 of 2nd period - Slapshot by Dmitri Orlov.
1:10 of 2nd period - Shot Blocked by Jesse Joensuu.
1:12 of 2nd period - Slapshot by Brock Trotter.
1:12 of 2nd period - Shot Misses the Net.
1:14 of 2nd period - Slapshot by T.J. Tynan.
1:14 of 2nd period - Shot Misses the Net.
1:48 of 2nd period - Snap shot by Adam Tambellini.
1:48 of 2nd period - Stopped by Corey Crawford without a rebound.
1:49 of 2nd period - Sergey Kalinin wins face-off versus Dana Tyrell in Sasquatch zone.
2:07 of 2nd period - Snap shot by Petr Straka.
2:07 of 2nd period - Stopped by Peter Delmas with a rebound.
2:09 of 2nd period - Wrist shot by Sergey Kalinin.
2:09 of 2nd period - Shot Misses the Net.
2:25 of 2nd period - Slapshot by Zach Budish.
2:25 of 2nd period - Shot Misses the Net.
2:55 of 2nd period - Reece Willcox is hit by Petr Straka and loses puck.
3:58 of 2nd period - Ryan Dzingel is hit by Adam Tambellini and loses puck.
4:06 of 2nd period - Icing by Martin Marincin.
4:07 of 2nd period - Evgeny Kuznetsov wins face-off versus Sergey Kalinin in Sasquatch zone.
4:10 of 2nd period - Wrist shot by Jesse Joensuu.
4:10 of 2nd period - Shot Misses the Net.
4:18 of 2nd period - Slapshot by Tyson Barrie.
4:18 of 2nd period - Stopped by Corey Crawford with a rebound.
4:41 of 2nd period - Wrist shot by Michael Mersch.
4:41 of 2nd period - Shot Misses the Net.
4:53 of 2nd period - Snap shot by Quinton Howden.
4:53 of 2nd period - Shot Misses the Net.
5:31 of 2nd period - Matt Halischuk is hit by Evgeny Kuznetsov and loses puck.
6:39 of 2nd period - Off-side.
6:40 of 2nd period - T.J. Tynan wins face-off versus Daniel O'regan in neutral zone.
7:02 of 2nd period - Snap shot by Devin Shore.
7:02 of 2nd period - Goal by Devin Shore - Sasquatch : 2 - Little Stars : 1.
7:03 of 2nd period - Evgeny Kuznetsov wins face-off versus Devin Shore in neutral zone.
7:12 of 2nd period - Snap shot by Matt Halischuk.
7:12 of 2nd period - Stopped by Peter Delmas with a rebound.
7:14 of 2nd period - Wrist shot by Matt Halischuk.
7:14 of 2nd period - Stopped by Peter Delmas without a rebound.
7:15 of 2nd period - Jujhar Khaira wins face-off versus Evgeny Kuznetsov in Little Stars zone.
7:28 of 2nd period - Snap shot by Jujhar Khaira.
7:28 of 2nd period - Shot Misses the Net.
8:10 of 2nd period - Snap shot by Daniel O'regan.
8:10 of 2nd period - Stopped by Corey Crawford with a rebound.
8:12 of 2nd period - Snap shot by Daniel O'regan.
8:12 of 2nd period - Deflect By Sebastian Wannstrom.
8:12 of 2nd period - Shot Misses the Net.
8:12 of 2nd period - Puck is out of play.
8:13 of 2nd period - Evgeny Kuznetsov wins face-off versus Devin Shore in Sasquatch zone.
8:16 of 2nd period - Slapshot by Jesse Joensuu.
8:16 of 2nd period - Stopped by Corey Crawford without a rebound.
8:17 of 2nd period - Evgeny Kuznetsov wins face-off versus Devin Shore in Sasquatch zone.
8:30 of 2nd period - Snap shot by Devin Shore.
8:30 of 2nd period - Stopped by Peter Delmas with a rebound.
9:52 of 2nd period - Teemu Hartikainen is hit by Jesse Joensuu.
10:15 of 2nd period - Slapshot by Dmitri Orlov.
10:15 of 2nd period - Shot Misses the Net.
10:17 of 2nd period - Wrist shot by Quinton Howden.
10:17 of 2nd period - Shot Blocked by Patrick Wiercioch.
10:25 of 2nd period - Slapshot by Tyson Barrie.
10:25 of 2nd period - Shot Blocked by Brett Kulak.
10:31 of 2nd period - Slapshot by Dmitri Orlov.
10:31 of 2nd period - Stopped by Peter Delmas without a rebound.
10:32 of 2nd period - Devin Shore wins face-off versus Daniel O'regan in Little Stars zone.
10:37 of 2nd period - Wrist shot by Jujhar Khaira.
10:37 of 2nd period - Stopped by Peter Delmas without a rebound.
10:38 of 2nd period - Devin Shore wins face-off versus Daniel O'regan in Little Stars zone.
10:41 of 2nd period - Snap shot by Matt Halischuk.
10:41 of 2nd period - Deflect By Jujhar Khaira.
10:41 of 2nd period - Stopped by Peter Delmas with a rebound.
11:03 of 2nd period - Backhand shot by Jujhar Khaira.
11:03 of 2nd period - Shot Blocked by Sebastian Wannstrom.
11:05 of 2nd period - Snap shot by Devin Shore.
11:05 of 2nd period - Shot Blocked by Anton Cederholm.
11:07 of 2nd period - Slapshot by Jujhar Khaira.
11:07 of 2nd period - Shot Misses the Net.
11:11 of 2nd period - Snap shot by Matt Halischuk.
11:11 of 2nd period - Shot Misses the Net.
11:13 of 2nd period - Slapshot by Ian Cole.
11:13 of 2nd period - Shot Misses the Net.
11:15 of 2nd period - Slapshot by Devin Shore.
11:15 of 2nd period - Stopped by Peter Delmas with a rebound.
11:17 of 2nd period - Snap shot by Devin Shore.
11:17 of 2nd period - Stopped by Peter Delmas without a rebound.
11:18 of 2nd period - Ryan Dzingel wins face-off versus Evgeny Kuznetsov in Little Stars zone.
11:26 of 2nd period - Minor Penalty to Scott Kosmachuck for High sticking.
11:27 of 2nd period - Evgeny Kuznetsov wins face-off versus Devin Shore in Little Stars zone.
11:39 of 2nd period - Slapshot by Patrick Wey.
11:39 of 2nd period - Shot Blocked by Patrick Wiercioch.
11:41 of 2nd period - Snap shot by Matt Halischuk.
11:41 of 2nd period - Stopped by Peter Delmas without a rebound.
11:42 of 2nd period - Devin Shore wins face-off versus Evgeny Kuznetsov in Little Stars zone.
11:43 of 2nd period - Slapshot by Ryan Dzingel.
11:43 of 2nd period - Stopped by Peter Delmas without a rebound.
11:44 of 2nd period - Evgeny Kuznetsov wins face-off versus Devin Shore in Little Stars zone.
11:46 of 2nd period - Minor Penalty to Dana Tyrell for Tripping.
11:47 of 2nd period - Devin Shore wins face-off versus Evgeny Kuznetsov in Little Stars zone.
12:16 of 2nd period - Patrick Wiercioch is hit by Jujhar Khaira and loses puck.
12:37 of 2nd period - Anton Cederholm is hit by Petr Straka and loses puck.
13:26 of 2nd period - Penalty to Scott Kosmachuck is over, Scott Kosmachuck is back on ice.
13:30 of 2nd period - Slapshot by Tyson Barrie.
13:30 of 2nd period - Deflect By Scott Kosmachuck.
13:30 of 2nd period - Shot Misses the Net.
13:30 of 2nd period - Puck is out of play.
13:31 of 2nd period - Evgeny Kuznetsov wins face-off versus Devin Shore in Sasquatch zone.
13:38 of 2nd period - Evgeny Kuznetsov is hit by Matt Halischuk and loses puck.
13:46 of 2nd period - Penalty to Dana Tyrell is over, Dana Tyrell is back on ice.
14:16 of 2nd period - Michael Mersch is hit by Sergey Kalinin and loses puck.
14:25 of 2nd period - Snap shot by Brock Trotter.
14:25 of 2nd period - Stopped by Peter Delmas without a rebound.
14:26 of 2nd period - Dylan Sikura wins face-off versus Emile Poirier in Little Stars zone.
14:29 of 2nd period - Wrist shot by Teemu Hartikainen.
14:29 of 2nd period - Shot Misses the Net.
14:50 of 2nd period - Anton Cederholm is hit by Dylan Sikura and loses puck.
14:59 of 2nd period - Wrist shot by Quinton Howden.
14:59 of 2nd period - Stopped by Peter Delmas with a rebound.
15:28 of 2nd period - Snap shot by Jason Dickinson.
15:28 of 2nd period - Stopped by Corey Crawford without a rebound.
15:29 of 2nd period - Devin Shore wins face-off versus Dana Tyrell in Sasquatch zone.
15:29 of 2nd period - Devin Shore is hit by Dana Tyrell.
15:45 of 2nd period - Wrist shot by Jujhar Khaira.
15:45 of 2nd period - Stopped by Peter Delmas without a rebound.
15:46 of 2nd period - Daniel O'regan wins face-off versus Sergey Kalinin in Little Stars zone.
16:11 of 2nd period - Jujhar Khaira is hit by Evgeny Kuznetsov and loses puck.
16:23 of 2nd period - Off-side.
16:24 of 2nd period - T.J. Tynan wins face-off versus Dana Tyrell in neutral zone.
16:55 of 2nd period - Minor Penalty to Jesse Joensuu for Cross-checking.
16:56 of 2nd period - Dana Tyrell wins face-off versus Devin Shore in Little Stars zone.
17:04 of 2nd period - Slapshot by Patrick Wey.
17:04 of 2nd period - Stopped by Peter Delmas with a rebound.
17:06 of 2nd period - Snap shot by Devin Shore.
17:06 of 2nd period - Stopped by Peter Delmas without a rebound.
17:07 of 2nd period - Evgeny Kuznetsov wins face-off versus Devin Shore in Little Stars zone.
17:56 of 2nd period - Wrist shot by Sebastian Wannstrom.
17:56 of 2nd period - Shot Misses the Net.
18:20 of 2nd period - Minor Penalty to Matt Halischuk for Hooking.
18:21 of 2nd period - Quinton Howden wins face-off versus Evgeny Kuznetsov in Sasquatch zone.
18:46 of 2nd period - Martin Marincin is hit by Dana Tyrell and loses puck.
18:55 of 2nd period - Penalty to Jesse Joensuu is over, Jesse Joensuu is back on ice.
19:07 of 2nd period - Snap shot by Jesse Joensuu.
19:07 of 2nd period - Stopped by Corey Crawford with a rebound.
19:09 of 2nd period - Slapshot by Adam Tambellini.
19:09 of 2nd period - Deflect By Jesse Joensuu.
19:09 of 2nd period - Shot Misses the Net.
19:09 of 2nd period - Puck is out of play.
19:10 of 2nd period - Evgeny Kuznetsov wins face-off versus Sergey Kalinin in Sasquatch zone.
19:46 of 2nd period - Icing by Tyson Barrie.
19:47 of 2nd period - Quinton Howden wins face-off versus Jesse Joensuu in Little Stars zone.
19:58 of 2nd period - Martin Marincin is hit by Tyson Barrie and loses puck.
Goals for this period are 1 for Sasquatch vs 0 for Little Stars.
Shots for this period are 18 for Sasquatch vs 6 for Little Stars.
3rd period
0:01 of 3rd period - Evgeny Kuznetsov wins face-off versus Sergey Kalinin in neutral zone.
0:15 of 3rd period - Snap shot by Jesse Joensuu.
0:15 of 3rd period - Shot Misses the Net.
0:20 of 3rd period - Penalty to Matt Halischuk is over, Matt Halischuk is back on ice.
0:43 of 3rd period - Off-side.
0:44 of 3rd period - T.J. Tynan wins face-off versus Daniel O'regan in neutral zone.
1:10 of 3rd period - Reece Willcox is hit by Jujhar Khaira and loses puck.
1:28 of 3rd period - Matt Halischuk is hit by Reece Willcox and loses puck.
1:49 of 3rd period - Slapshot by Tyson Barrie.
1:49 of 3rd period - Stopped by Corey Crawford with a rebound.
1:51 of 3rd period - Slapshot by Daniil Tarasov.
1:51 of 3rd period - Stopped by Corey Crawford without a rebound.
1:52 of 3rd period - Evgeny Kuznetsov wins face-off versus Sergey Kalinin in Sasquatch zone.
1:53 of 3rd period - Wrist shot by Jesse Joensuu.
1:53 of 3rd period - Stopped by Corey Crawford with a rebound.
3:36 of 3rd period - Scott Kosmachuck is hit by Patrick Wey and loses puck.
3:47 of 3rd period - Slapshot by Reece Willcox.
3:47 of 3rd period - Shot Misses the Net.
3:49 of 3rd period - Snap shot by Scott Kosmachuck.
3:49 of 3rd period - Stopped by Corey Crawford with a rebound.
3:51 of 3rd period - Wrist shot by Scott Kosmachuck.
3:51 of 3rd period - Shot Blocked by Ian Cole.
3:53 of 3rd period - Wrist shot by Evgeny Kuznetsov.
3:53 of 3rd period - Stopped by Corey Crawford with a rebound.
3:55 of 3rd period - Slapshot by Jesse Joensuu.
3:55 of 3rd period - Shot Misses the Net.
3:57 of 3rd period - Slapshot by Reece Willcox.
3:57 of 3rd period - Shot Blocked by Jujhar Khaira.
3:59 of 3rd period - Backhand shot by Anton Cederholm.
3:59 of 3rd period - Deflect By Jesse Joensuu.
3:59 of 3rd period - Stopped by Corey Crawford with a rebound.
4:01 of 3rd period - Snap shot by Scott Kosmachuck.
4:01 of 3rd period - Stopped by Corey Crawford with a rebound.
4:03 of 3rd period - Wrist shot by Patrick Wiercioch.
4:03 of 3rd period - Shot Blocked by Patrick Wey.
4:05 of 3rd period - Snap shot by Scott Kosmachuck.
4:05 of 3rd period - Shot Blocked by Devin Shore.
4:15 of 3rd period - Minor Penalty to Patrick Wey for Hooking.
4:16 of 3rd period - Dana Tyrell wins face-off versus Sergey Kalinin in Sasquatch zone.
4:24 of 3rd period - Slapshot by Adam Tambellini.
4:24 of 3rd period - Stopped by Corey Crawford with a rebound.
4:26 of 3rd period - Wrist shot by Zach Budish.
4:26 of 3rd period - Shot Blocked by Brett Pesce.
4:28 of 3rd period - Snap shot by Patrick Wiercioch.
4:28 of 3rd period - Stopped by Corey Crawford without a rebound.
4:29 of 3rd period - Sergey Kalinin wins face-off versus Dana Tyrell in Sasquatch zone.
4:29 of 3rd period - Sergey Kalinin is hit by Dana Tyrell.
6:05 of 3rd period - Michael Mersch is hit by Dmitri Orlov and loses puck.
6:15 of 3rd period - Penalty to Patrick Wey is over, Patrick Wey is back on ice.
6:40 of 3rd period - Slapshot by Tyson Barrie.
6:40 of 3rd period - Deflect By Daniil Tarasov.
6:40 of 3rd period - Shot Misses the Net.
6:40 of 3rd period - Puck is out of play.
6:41 of 3rd period - Sebastian Wannstrom wins face-off versus Quinton Howden in Sasquatch zone.
6:42 of 3rd period - Slapshot by Daniel O'regan.
6:42 of 3rd period - Stopped by Corey Crawford with a rebound.
7:06 of 3rd period - Jujhar Khaira is hit by Scott Kosmachuck and loses puck.
7:36 of 3rd period - Off-side.
7:37 of 3rd period - Evgeny Kuznetsov wins face-off versus Sergey Kalinin in neutral zone.
7:42 of 3rd period - Snap shot by Evgeny Kuznetsov.
7:42 of 3rd period - Shot Misses the Net.
7:44 of 3rd period - Wrist shot by Evgeny Kuznetsov.
7:44 of 3rd period - Shot Misses the Net.
7:46 of 3rd period - Snap shot by Patrick Wiercioch.
7:46 of 3rd period - Stopped by Corey Crawford without a rebound.
7:47 of 3rd period - Sergey Kalinin wins face-off versus Evgeny Kuznetsov in Sasquatch zone.
7:52 of 3rd period - Slapshot by Brett Pesce.
7:52 of 3rd period - Shot Blocked by Reece Willcox.
8:00 of 3rd period - Wrist shot by Jesse Joensuu.
8:00 of 3rd period - Shot Blocked by Martin Marincin.
8:02 of 3rd period - Snap shot by Evgeny Kuznetsov.
8:02 of 3rd period - Stopped by Corey Crawford without a rebound.
8:03 of 3rd period - Devin Shore wins face-off versus Zach Budish in Sasquatch zone.
9:01 of 3rd period - Slapshot by Brett Kulak.
9:01 of 3rd period - Stopped by Peter Delmas without a rebound.
9:02 of 3rd period - Evgeny Kuznetsov wins face-off versus Devin Shore in Little Stars zone.
9:04 of 3rd period - Minor Penalty to Evgeny Kuznetsov for Tripping.
9:05 of 3rd period - Sebastian Wannstrom wins face-off versus Devin Shore in Little Stars zone.
9:05 of 3rd period - Sebastian Wannstrom is hit by Devin Shore.
9:18 of 3rd period - Snap shot by Matt Halischuk.
9:18 of 3rd period - Shot Misses the Net.
10:10 of 3rd period - Michael Mersch is hit by Devin Shore and loses puck.
10:35 of 3rd period - Tyson Barrie is hit by Matt Halischuk and loses puck.
11:04 of 3rd period - Penalty to Evgeny Kuznetsov is over, Evgeny Kuznetsov is back on ice.
11:10 of 3rd period - Patrick Wey is hit by Anton Cederholm and loses puck.
11:36 of 3rd period - Icing by Adam Tambellini.
11:37 of 3rd period - Daniel O'regan wins face-off versus T.J. Tynan in Little Stars zone.
11:37 of 3rd period - Daniel O'regan is hit by Martin Marincin.
11:55 of 3rd period - Wrist shot by Evgeny Kuznetsov.
11:55 of 3rd period - Deflect By Daniel O'regan.
11:55 of 3rd period - Stopped by Corey Crawford without a rebound.
11:56 of 3rd period - Jason Dickinson wins face-off versus Quinton Howden in Sasquatch zone.
12:45 of 3rd period - Adam Tambellini is hit by Devin Shore and loses puck.
12:58 of 3rd period - Wrist shot by Dana Tyrell.
12:58 of 3rd period - Shot Misses the Net.
13:30 of 3rd period - Off-side.
13:31 of 3rd period - Daniel O'regan wins face-off versus Sergey Kalinin in neutral zone.
13:33 of 3rd period - Off-side.
13:34 of 3rd period - Daniel O'regan wins face-off versus Sergey Kalinin in neutral zone.
13:41 of 3rd period - Slapshot by Michael Mersch.
13:41 of 3rd period - Stopped by Corey Crawford without a rebound.
13:42 of 3rd period - Evgeny Kuznetsov wins face-off versus Devin Shore in Sasquatch zone.
13:49 of 3rd period - Slapshot by Evgeny Kuznetsov.
13:49 of 3rd period - Shot Misses the Net.
14:07 of 3rd period - Zach Budish is hit by Sergey Kalinin and loses puck.
14:36 of 3rd period - Jerry D'Amigo is hit by Patrick Wiercioch and loses puck.
15:10 of 3rd period - Wrist shot by Michael Mersch.
15:10 of 3rd period - Shot Blocked by Brett Pesce.
15:12 of 3rd period - Snap shot by Michael Mersch.
15:12 of 3rd period - Shot Misses the Net.
15:14 of 3rd period - Slapshot by Daniel O'regan.
15:14 of 3rd period - Stopped by Corey Crawford with a rebound.
15:16 of 3rd period - Wrist shot by Sebastian Wannstrom.
15:16 of 3rd period - Stopped by Corey Crawford without a rebound.
15:17 of 3rd period - Devin Shore wins face-off versus Evgeny Kuznetsov in Sasquatch zone.
15:26 of 3rd period - Snap shot by Jesse Joensuu.
15:26 of 3rd period - Stopped by Corey Crawford without a rebound.
15:27 of 3rd period - Devin Shore wins face-off versus Jesse Joensuu in Sasquatch zone.
15:34 of 3rd period - Tyson Barrie is hit by Devin Shore and loses puck.
15:39 of 3rd period - Wrist shot by Matt Halischuk.
15:39 of 3rd period - Stopped by Peter Delmas with a rebound.
15:41 of 3rd period - Wrist shot by Jujhar Khaira.
15:41 of 3rd period - Shot Misses the Net.
16:03 of 3rd period - Snap shot by Devin Shore.
16:03 of 3rd period - Stopped by Peter Delmas without a rebound.
16:04 of 3rd period - Quinton Howden wins face-off versus Daniel O'regan in Little Stars zone.
16:29 of 3rd period - Petr Straka is hit by Dana Tyrell and loses puck.
16:41 of 3rd period - Double Minor Penalty to Dana Tyrell for Roughing.
16:42 of 3rd period - Devin Shore wins face-off versus Evgeny Kuznetsov in Little Stars zone.
16:58 of 3rd period - Slapshot by Matt Halischuk.
16:58 of 3rd period - Shot Misses the Net.
18:47 of 3rd period - Wrist shot by Jerry D'Amigo.
18:47 of 3rd period - Shot Misses the Net.
18:49 of 3rd period - Slapshot by Patrick Wey.
18:49 of 3rd period - Shot Blocked by Daniel O'regan.
19:28 of 3rd period - Tucker Poolman is hit by Jujhar Khaira and loses puck.
19:51 of 3rd period - Ville Pokka is hit by Dmitri Orlov and loses puck.
Goals for this period are 0 for Sasquatch vs 0 for Little Stars.
Shots for this period are 3 for Sasquatch vs 17 for Little Stars.
Back to the Top